 Dungeon Crawl Stone Soup version 0.30-a0-883-g5ad918d77d (webtiles) character file.

Game seed: 9797599305835067658

27 jasper the Cudgeller (level 2, -1/22 HPs)
             Began as a Demonspawn Gladiator on Mar 15, 2023.
             Slain by a goblin
             ... wielding a +0 dagger
             ... led by Robin
              (5 damage)
             ... on level 2 of the Dungeon.
             The game lasted 00:01:57 (1199 turns).

jasper the Cudgeller (Demonspawn Gladiator)         Turns: 1199, Time: 00:01:57

Health: -1/22      AC:  7    Str: 11 (14) XL:     2   Next: 93%
Magic:  2/2        EV:  9    Int:  8 (9)  God:
Gold:   29         SH:  0    Dex: 12 (14) Spells: 1/1 levels left

rFire   . . .      SeeInvis .    a - +0 flail
rCold   . . .      Faith    .    (no shield)
rNeg    . . .      Spirit   .    j - +0 scale mail
rPois   .          Reflect  .    c - +0 helmet
rElec   .          Rampage  .    (no cloak)
rCorr   .                        (no gloves)
Will    .....                    (no boots) Stlth
                                 (no amulet)
HPRegen 0.23/turn                (no ring)
MPRegen 0.08/turn                (no ring)

@: no status effects
A: demonic guardian 1
a: no special abilities


You were on level 2 of the Dungeon.
You visited 1 branch of the dungeon, and saw 2 of its levels.

You collected 29 gold pieces.

Inventory:

Hand Weapons
 a - a +0 flail (weapon)
Missiles
 d - 3 throwing nets
 e - a javelin
 n - 4 silver javelins
 q - 4 stones (quivered)
Armour
 b - a +0 leather armour
 c - a +0 helmet (worn)
 h - a +0 ring mail
 j - a +0 scale mail (worn)
Scrolls
 g - a scroll of identify
Potions
 l - a potion of magic
 m - a potion of mutation


   Skills:
 - Level 2.0 Fighting
 + Level 3.8 Maces & Flails
 - Level 1.7 Throwing
 - Level 2.6 Dodging


You had one spell level left.
You didn't know any spells.
Your spell library contained the following spells:

 Spells                   Type           Power      Damage    Failure   Level
 Malign Gateway           Summ/Tloc      0%         N/A       100%        7
 Summon Horrible Things   Summ           0%         N/A       100%        8


Dungeon Overview and Level Annotations

Branches:
Dungeon (2/15)

Altars:

Annotations:
D:2 Natasha, Robin


Innate Abilities, Weirdness & Mutations

A weak demonic guardian rushes to your aid.


Message History

The goblin hits you but does no damage. The goblin hits you with a +0 club.
You take 1 damage, and have 8/22 hp.
Okay, then.
You aren't carrying any items that you can evoke.
Okay, then.
You barely miss the goblin. The goblin completely misses you.
The goblin hits you but does no damage. x2
You hit the goblin.
The goblin is severely wounded.
The goblin no longer looks unusually strong.
The goblin barely misses you. x2
You hit the goblin.
You kill the goblin!
The goblin no longer looks unusually strong.
The goblin hits you with a +0 club.
* * * LOW HITPOINT WARNING * * *
A demonic guardian appears!
The goblin barely misses you.
You take 3 damage, and have 6/22 hp.
You swap places.
Robin says, "Bow before me, strongest of all the hobgoblins!"
Robin throws the goblin at you!
* * * LOW HITPOINT WARNING * * *
Your quasit barely misses the goblin.
Your quasit claws the goblin.
Your quasit barely misses the goblin.
The goblin unwields a +0 club.
The goblin wields a +0 sling.
The goblin shoots a sling bullet.
The sling bullet barely misses your quasit.
The sling bullet hits you.
* * * LOW HITPOINT WARNING * * *
Things that are here:
a +0 dagger; a +0 club You take 2 damage, and have 4/22 hp.
You hit the goblin but do no damage.
Your quasit barely misses the goblin.
Your quasit misses the goblin. x2; The goblin hits you but does no damage.
The goblin shoots a sling bullet.
The sling bullet misses your quasit.
The sling bullet hits you but does no damage.
Your quasit bites the goblin.
Your quasit closely misses the goblin.
Your quasit claws the goblin.
The goblin dies!
You barely miss the goblin. The goblin hits you with a +0 dagger.
You die...

### #.##### #.g...#
#@###.# #5# #)# #)# #.#
#########g# #.##########
#<.....##g# #.#........#
######.##.###.#........#
#.#....#.#........##
#.#.>..............##
#†#..#.#.#########..#


You could see Robin, 2 goblins and a friendly quasit (summoned).

Vanquished Creatures
  2 endoplasms (D:1)
  A giant cockroach (D:2)
  8 goblins
  3 hobgoblins (D:1)
  2 quokkas (D:1)
  2 ball pythons
  A bat (D:2)
  2 frilled lizards (D:1)
  A rat (D:1)
22 creatures vanquished.

Vanquished Creatures (collateral kills)
  A goblin (D:2)
1 creature vanquished.

Grand Total: 23 creatures vanquished

Notes
Turn   | Place    | Note
-------+----------+-------------------------------------------
     0 | D:1      | jasper the Demonspawn Gladiator began the quest for the
                  | Orb.
     0 | D:1      | Reached XP level 1. HP: 16/16 MP: 1/1
    85 | D:1      | Reached skill level 3 in Maces & Flails
   328 | D:1      | Found a faded altar of an unknown god.
   368 | D:1      | Gained mutation: A weak demonic guardian rushes to your
                  | aid. [demonic ancestry]
   368 | D:1      | Reached XP level 2. HP: 19/22 MP: 2/2
   986 | D:2      | Noticed Natasha
  1171 | D:2      | Noticed Robin
  1199 | D:2      | Slain by a goblin

Illustrated notes

Levels and vault maps discovered:
D:1:      tarquinn_simple_flora_water_d, layout_basic,
          shapermc_ecumenical_altar_ellora, minmay_misc_feat_enclosed,
          nrook_uturn
D:2:      layout_basic, minmay_misc_feat_tower, uniq_natasha, uniq_robin

Skill      XL: |  1 |
---------------+----+-----
Maces & Flails | 3 |  3.8
Fighting       | |  2.0
Throwing       | |  1.7
Dodging        | |  2.6

Action                     || total
---------------------------++-------
  Melee: Flail             ||    79
    Use: Scroll            ||     7
         Potion            ||     1
   Stab: Sleeping          ||     1
 Armour: Leather armour    ||    12
         Scale mail        ||    39
         Ring mail         ||     2
  Dodge: Dodged            ||    55

Table legend: (Time is in decaauts)
 A = Elapsed time spent in this place.
 B = Non-inter-level travel time spent in this place.
 C = Inter-level travel time spent in this place.
 D = Time resting spent in this place.
 E = Time spent auto-exploring this place.
 F = Levels seen in this place.
 G = Mean time per level.
                   A        B        C        D        E       F      G
               +--------+--------+--------+--------+--------+-----+--------+
         Total |   1224 |   1163 |     61 |     42 |    819 |   2 |  612.0 |
       Dungeon |   1224 |   1163 |     61 |     42 |    819 |   2 |  612.0 |
               +--------+--------+--------+--------+--------+-----+--------+

Top non-repeatable levels by time:
     D:1: 1027 daAuts
     D:2: 196 daAuts
